Vegas Golden Knights vs Detroit Red Wings
Created - Tuesday, March 4, 2025 at 08:44
Goals
|
| Vegas Golden Knights |
1 |
4 |
2 |
7 |
| Detroit Red Wings |
0 |
1 |
3 |
4 |
|
Shots
|
| Vegas Golden Knights |
10 |
26 |
5 |
41 |
| Detroit Red Wings |
10 |
19 |
7 |
36 |
|
1st period
1. Vegas Golden Knights , Auston Matthews 21 (Bryan Rust 18) at 1:20 (PP)
Penalties :
Jeff Petry (DET) for Hooking (Minor) at 1:18, Ryan Graves (VGK) for Tripping (Minor) at 3:16
2nd period
2. Vegas Golden Knights , Denis Gurianov 1 (Shea Theodore 10, Sean Couturier 10) at 1:24
3. Vegas Golden Knights , Bryan Rust 12 (Auston Matthews 16) at 4:18
4. Vegas Golden Knights , Sean Monahan 7 (Tyler Toffoli 9, Johnny Gaudreau 7) at 4:38 (PP)
5. Detroit Red Wings , Mika Zibanejad 14 (Carter Verhaeghe 15) at 14:16
6. Vegas Golden Knights , Sean Couturier 4 (Auston Matthews 17, Bryan Rust 19) at 16:12 (PP)
Penalties :
MacKenzie Weegar (DET) for Holding (Minor) at 4:23, Zachary Werenski (DET) for Holding (Minor) at 14:35
3rd period
7. Detroit Red Wings , Daniel Sprong 7 (Brendan Gallagher 3) at 5:50 (PP)
8. Vegas Golden Knights , Ryan Graves 1 (Bryan Rust 20, Auston Matthews 18) at 8:41
9. Detroit Red Wings , Patrick Kane 10 (Jared McCann 15, Jackson LaCombe 5) at 16:45
10. Vegas Golden Knights , Auston Matthews 22 (Bryan Rust 21, Reilly Smith 10) at 18:11
11. Detroit Red Wings , Mika Zibanejad 15 (Carter Verhaeghe 16) at 18:53
Penalties :
Ryan Graves (VGK) for Roughing (Double Minor) at 1:57
Goalie Stats
Cayden Primeau (VGK), 32 saves from 36 shots - (0.889), W, 2-3-1, 60:00 minutes
Calvin Pickard (DET), 34 saves from 41 shots - (0.829), L, 11-8-0, 60:00 minutes
Players Stats for Vegas Golden Knights
Player Name G A P +/- PIM S H SB GA TA FO MP PP MP PK MP
------------------------------------------------------------------------------------
Auston Matthews 2 3 5 1 0 6 2 0 0 0 10/17 17:27 1:39 0:19
Bryan Rust 1 4 5 1 0 3 1 0 0 0 2/2 17:08 1:39 0:00
Cole Smith 0 0 0 0 0 1 3 0 0 0 0/0 11:09 0:00 2:34
Denis Gurianov 1 0 1 1 0 4 1 0 0 0 0/0 13:11 0:00 0:22
John Marino 0 0 0 0 0 0 1 2 0 0 0/0 19:09 0:15 2:34
Johnny Gaudreau 0 1 1 -1 0 1 1 0 1 0 0/1 15:36 0:15 0:00
Jordan Staal 0 0 0 1 0 0 0 0 1 0 1/1 15:25 0:00 2:44
Marc-Edouard Vlasic 0 0 0 1 0 1 0 1 0 0 0/0 16:55 0:00 3:18
Matt Nieto 0 0 0 0 0 4 0 1 2 0 0/0 11:03 0:00 2:28
Pierre-edouard Bellemare 0 0 0 0 0 0 0 1 0 1 3/5 11:09 0:00 2:34
Reilly Smith 0 1 1 1 0 4 0 3 0 1 0/1 17:08 1:39 0:00
Roman Josi 0 0 0 0 0 2 0 1 1 0 0/0 24:22 0:15 1:11
Ryan Graves 1 0 1 1 6 2 2 1 0 0 0/0 13:04 0:00 0:00
Sean Couturier 1 1 2 1 0 4 1 0 0 0 9/15 15:11 1:39 0:43
Sean Monahan 1 0 1 -1 0 1 2 0 1 1 13/24 15:36 0:15 0:00
Shea Theodore 0 1 1 0 0 4 0 2 1 1 0/0 26:03 1:39 2:07
Thomas Chabot 0 0 0 0 0 0 0 0 0 2 0/0 18:54 0:00 2:34
Tyler Toffoli 0 1 1 -1 0 4 0 0 0 0 0/0 15:36 0:15 0:00
Players Stats for Detroit Red Wings
Player Name G A P +/- PIM S H SB GA TA FO MP PP MP PK MP
------------------------------------------------------------------------------------
Brendan Gallagher 0 1 1 0 0 0 1 0 0 0 0/0 8:15 0:31 0:00
Carter Verhaeghe 0 2 2 1 0 5 1 0 0 0 0/1 19:59 2:41 0:00
Christian Fischer 0 0 0 -1 0 1 2 0 0 1 0/0 11:17 0:00 1:15
Daniel Sprong 1 0 1 -1 0 5 0 0 2 0 0/0 10:33 0:31 0:00
Jackson LaCombe 0 1 1 1 0 0 0 1 0 1 0/0 15:10 0:13 0:49
Jared McCann 0 1 1 -1 0 0 2 0 1 1 0/0 19:50 2:40 0:00
Jeff Petry 0 0 0 -2 2 0 2 1 0 0 0/0 20:18 3:00 0:00
Keegan Kolesar 0 0 0 0 0 1 0 0 0 1 0/0 8:23 0:00 0:39
Kevin Stenlund 0 0 0 0 0 1 0 0 1 1 1/7 8:54 0:31 0:39
MacKenzie Weegar 0 0 0 0 2 1 3 1 1 1 0/0 26:40 2:46 0:49
Matthew Boldy 0 0 0 1 0 6 2 0 0 0 1/1 19:59 2:41 0:00
Mika Zibanejad 2 0 2 1 0 5 2 0 0 0 10/27 21:14 2:41 1:15
Patrick Kane 1 0 1 -1 0 4 0 0 0 0 0/1 19:50 2:40 0:00
Shayne Gostisbehere 0 0 0 -2 0 1 0 0 0 0 0/0 20:48 2:39 0:50
Steven Stamkos 0 0 0 -1 0 2 2 1 1 0 13/25 19:50 2:40 0:00
Tyler Johnson 0 0 0 -1 0 3 0 1 0 0 3/4 10:02 0:00 0:00
Zach Bogosian 0 0 0 1 0 0 1 2 0 0 0/0 12:54 0:00 1:05
Zachary Werenski 0 0 0 0 2 1 0 1 0 1 0/0 24:07 3:06 0:15
3 Stars
1 - Auston Matthews (VGK)
2 - Bryan Rust (VGK)
3 - Mika Zibanejad (DET)
Power Play
Vegas Golden Knights - 3 on 3 Attempt(s) - 100.00%
Detroit Red Wings - 1 on 3 Attempt(s) - 33.33%
Penalty Kill
Vegas Golden Knights - 2 on 3 Attempt(s) - 66.67%
- Score 0 goal in Penalty Kill
Detroit Red Wings - 0 on 3 Attempt(s) - 0.00%
- Score 0 goal in Penalty Kill
Team Stat
Vegas Golden Knights - Hits : 14 - Faceoff Wins : 38 - Blocked Shots : 12 - Penalty Minutes : 6
Detroit Red Wings - Hits : 18 - Faceoff Wins : 28 - Blocked Shots : 8 - Penalty Minutes : 6
Official
Referees : Justin Kea and Jordan Samuels
Linesman : Shandor Alphonso and Derek Nansen
Game Notes
No Game Note
Finance
Level 1 -- Attendance: 4991 (83.18%) -- Ticket Income $499,100
Level 2 -- Attendance: 4028 (80.56%) -- Ticket Income $241,680
Level 3 -- Attendance: 2176 (72.53%) -- Ticket Income $76,160
Level 4 -- Attendance: 4086 (81.72%) -- Ticket Income $102,150
Luxury Box -- Attendance: 721 (72.10%) -- Ticket Income $144,200
Game was played at the Joe Louis Arena.
Total Attendance: 16002 (80.01%)
Total Ticket Income: $1,063,290
Other Income: $372,152
Total Income: $1,435,442
Vegas Golden Knights
5 vs 5 Forward
Center Left Wing Right Wing Time % Phy DF OF
1 Auston Matthews Bryan Rust Reilly Smith 30 1 2 2
2 Sean Monahan Johnny Gaudreau Tyler Toffoli 30 1 2 2
3 Sean Couturier Jordan Staal Denis Gurianov 25 1 2 2
4 Pierre-edouard Bellemare Cole Smith Matt Nieto 15 1 2 2
5 vs 5 Defense
Defense Defense Time % Phy DF OF
1 Roman Josi Shea Theodore 30 1 2 2
2 Thomas Chabot John Marino 30 1 2 2
3 Marc-Edouard Vlasic Ryan Graves 25 1 2 2
4 Shea Theodore Roman Josi 15 1 2 2
PowerPlay Forward
Center Left Wing Right Wing Time % Phy DF OF
1 Auston Matthews Bryan Rust Reilly Smith 50 1 2 2
2 Sean Monahan Johnny Gaudreau Tyler Toffoli 50 1 2 2
PowerPlay Defense
Defense Defense Time % Phy DF OF
1 Sean Couturier Shea Theodore 50 1 2 2
2 John Marino Roman Josi 50 1 2 2
Penalty Kill 4 Players Forward
Center Wing Time % Phy DF OF
1 Jordan Staal Matt Nieto 50 1 2 2
2 Pierre-edouard Bellemare Cole Smith 50 1 2 2
Penalty Kill 4 Players Defense
Defense Defense Time % Phy DF OF
1 Marc-Edouard Vlasic Thomas Chabot 50 1 2 2
2 Ryan Graves John Marino 50 1 2 2
Penalty Kill - 3 Players Forward
Forward Time % Phy DF OF
1 Jordan Staal 50 1 2 2
2 Pierre-edouard Bellemare 50 1 2 2
Penalty Kill - 3 Players Defense
Defense Defense Time % Phy DF OF
1 Marc-Edouard Vlasic Thomas Chabot 50 1 2 2
2 Ryan Graves John Marino 50 1 2 2
4 vs 4 Forward
Center Wing Time % Phy DF OF
1 Auston Matthews Bryan Rust 50 1 2 2
2 Sean Monahan Tyler Toffoli 50 1 2 2
4 vs 4 Defense
Defense Defense Time % Phy DF OF
1 Roman Josi Shea Theodore 50 1 2 2
2 Thomas Chabot John Marino 50 1 2 2
Last Minutes Offensive
Center Left Wing Right Wing Defense Defense
Auston Matthews Bryan Rust Sean Monahan Roman Josi Shea Theodore
Last Minutes Defensive
Center Left Wing Right Wing Defense Defense
Jordan Staal Pierre-edouard Bellemare Matt Nieto Marc-Edouard Vlasic Thomas Chabot
Goaltenders
Starting : Cayden Primeau
Backup : Semyon Varlamov
Extra Forwards
Normal : Sean Monahan, Auston Matthews, Bryan Rust - PP : Jordan Staal, Matt Nieto - PK : Sean Couturier
Extra Defensemen
Normal : John Marino, Roman Josi, Shea Theodore - PP : John Marino - PK : Shea Theodore, Roman Josi
Penalty Shots
Auston Matthews, Bryan Rust, Sean Monahan, Tyler Toffoli, Sean Couturier
Scratches
Travis Hamonic (Healthy), Danton Heinen (Strained Right Knee Injury)
Detroit Red Wings
5 vs 5 Forward
Center Left Wing Right Wing Time % Phy DF OF
1 Mika Zibanejad Carter Verhaeghe Matthew Boldy 35 1 2 2
2 Steven Stamkos Jared McCann Patrick Kane 35 1 1 3
3 Tyler Johnson Daniel Sprong Christian Fischer 20 1 2 2
4 Kevin Stenlund Brendan Gallagher Keegan Kolesar 10 2 2 1
5 vs 5 Defense
Defense Defense Time % Phy DF OF
1 Zachary Werenski MacKenzie Weegar 40 1 2 2
2 Shayne Gostisbehere Jeff Petry 30 1 2 2
3 Jackson LaCombe Zach Bogosian 20 3 1 1
4 Jackson LaCombe MacKenzie Weegar 10 1 2 2
PowerPlay Forward
Center Left Wing Right Wing Time % Phy DF OF
1 Steven Stamkos Jared McCann Patrick Kane 50 0 1 4
2 Mika Zibanejad Carter Verhaeghe Matthew Boldy 50 0 1 4
PowerPlay Defense
Defense Defense Time % Phy DF OF
1 Shayne Gostisbehere MacKenzie Weegar 50 1 2 2
2 Zachary Werenski Jeff Petry 50 1 2 2
Penalty Kill 4 Players Forward
Center Wing Time % Phy DF OF
1 Mika Zibanejad Christian Fischer 50 2 2 1
2 Kevin Stenlund Keegan Kolesar 50 2 2 1
Penalty Kill 4 Players Defense
Defense Defense Time % Phy DF OF
1 Jackson LaCombe MacKenzie Weegar 50 2 2 1
2 Zach Bogosian Zachary Werenski 50 2 2 1
Penalty Kill - 3 Players Forward
Forward Time % Phy DF OF
1 Mika Zibanejad 50 1 2 2
2 Steven Stamkos 50 1 2 2
Penalty Kill - 3 Players Defense
Defense Defense Time % Phy DF OF
1 Jackson LaCombe MacKenzie Weegar 50 1 2 2
2 Zachary Werenski Jeff Petry 50 2 2 1
4 vs 4 Forward
Center Wing Time % Phy DF OF
1 Mika Zibanejad Carter Verhaeghe 60 1 2 2
2 Steven Stamkos Matthew Boldy 40 1 1 3
4 vs 4 Defense
Defense Defense Time % Phy DF OF
1 Zachary Werenski MacKenzie Weegar 60 1 2 2
2 Jackson LaCombe Jeff Petry 40 1 2 2
Last Minutes Offensive
Center Left Wing Right Wing Defense Defense
Mika Zibanejad Steven Stamkos Matthew Boldy Zachary Werenski MacKenzie Weegar
Last Minutes Defensive
Center Left Wing Right Wing Defense Defense
Mika Zibanejad Steven Stamkos Matthew Boldy Zachary Werenski MacKenzie Weegar
Goaltenders
Starting : Calvin Pickard
Backup : Laurent Brossoit
Extra Forwards
Normal : Patrick Kane, Christian Fischer, Daniel Sprong - PP : Kevin Stenlund, Daniel Sprong - PK : Steven Stamkos
Extra Defensemen
Normal : Shayne Gostisbehere, Jackson LaCombe, Zach Bogosian - PP : Shayne Gostisbehere - PK : Shayne Gostisbehere, Jackson LaCombe
Penalty Shots
Mika Zibanejad, Steven Stamkos, Matthew Boldy, Carter Verhaeghe, Jared McCann
Scratches
Alexander Barabanov (Healthy), Kevin Shattenkirk (Healthy), Raphael Lavoie (Healthy), Yakov Trenin (Healthy), Vitek Vanecek (Healthy)
% Time on Ice - Vegas Golden Knights
Lines # - Real PCT - Wanted PCT - Time Play
Normal Forward
1 - 30% - 30% - 15:29
2 - 30% - 30% - 15:29
3 - 24% - 25% - 12:41
4 - 16% - 15% - 8:35
Normal Defense
1 - 29% - 30% - 15:13
2 - 33% - 30% - 16:59
3 - 25% - 25% - 12:58
4 - 14% - 15% - 7:04
PP Forward
1 - 87% - 50% - 1:39
2 - 13% - 50% - 0:15
PP Defense
1 - 87% - 50% - 1:39
2 - 13% - 50% - 0:15
PK Forward
1 - 50% - 50% - 2:56
2 - 50% - 50% - 2:56
PK Defense
1 - 44% - 50% - 2:34
2 - 56% - 50% - 3:18
PK3 Forward
1 - 0% - 50%
2 - 0% - 50%
PK3 Defense
1 - 0% - 50%
2 - 0% - 50%
44 Forward
1 - 0% - 50%
2 - 0% - 50%
44 Defense
1 - 0% - 50%
2 - 0% - 50%
Last Minute Offensive - 0:00
Last Minute Defensive - 0:00
Total
Forward - 60:00
Defense - 60:00
|
% Time on Ice - Detroit Red Wings
Lines # - Real PCT - Wanted PCT - Time Play
Normal Forward
1 - 33% - 35% - 17:13
2 - 33% - 35% - 17:15
3 - 19% - 20% - 10:02
4 - 15% - 10% - 7:44
Normal Defense
1 - 40% - 40% - 20:47
2 - 33% - 30% - 17:19
3 - 20% - 20% - 10:30
4 - 7% - 10% - 3:38
PP Forward
1 - 51% - 50% - 3:00
2 - 49% - 50% - 2:52
PP Defense
1 - 47% - 50% - 2:46
2 - 53% - 50% - 3:06
PK Forward
1 - 66% - 50% - 1:15
2 - 34% - 50% - 0:39
PK Defense
1 - 43% - 50% - 0:49
2 - 57% - 50% - 1:05
PK3 Forward
1 - 0% - 50%
2 - 0% - 50%
PK3 Defense
1 - 0% - 50%
2 - 0% - 50%
44 Forward
1 - 0% - 60%
2 - 0% - 40%
44 Defense
1 - 0% - 60%
2 - 0% - 40%
Last Minute Offensive - 0:00
Last Minute Defensive - 0:00
Total
Forward - 60:00
Defense - 60:00
|
Play-by-Play
1st period
0:01 of 1st period - Mika Zibanejad wins face-off versus Reilly Smith in neutral zone.
0:31 of 1st period - Wrist shot by Roman Josi.
0:31 of 1st period - Shot Blocked by Jeff Petry.
0:33 of 1st period - Backhand shot by Denis Gurianov.
0:33 of 1st period - Stopped by Calvin Pickard without a rebound.
0:34 of 1st period - Sean Monahan wins face-off versus Steven Stamkos in Detroit Red Wings zone.
1:01 of 1st period - Jeff Petry is hit by Cole Smith and loses puck.
1:08 of 1st period - Snap shot by Cole Smith.
1:08 of 1st period - Shot Blocked by Tyler Johnson.
1:10 of 1st period - Slapshot by Marc-Edouard Vlasic.
1:10 of 1st period - Shot Misses the Net.
1:18 of 1st period - Minor Penalty to Jeff Petry for Hooking.
1:19 of 1st period - Bryan Rust wins face-off versus Mika Zibanejad in Detroit Red Wings zone.
1:20 of 1st period - Snap shot by Auston Matthews.
1:20 of 1st period - Goal by Auston Matthews - Vegas Golden Knights : 1 - Detroit Red Wings : 0.
1:21 of 1st period - Sean Couturier wins face-off versus Kevin Stenlund in neutral zone.
1:31 of 1st period - Snap shot by Sean Couturier.
1:31 of 1st period - Stopped by Calvin Pickard without a rebound.
1:32 of 1st period - Steven Stamkos wins face-off versus Auston Matthews in Detroit Red Wings zone.
1:56 of 1st period - Icing by Marc-Edouard Vlasic.
1:57 of 1st period - Mika Zibanejad wins face-off versus Sean Monahan in Vegas Golden Knights zone.
2:02 of 1st period - Snap shot by Matthew Boldy.
2:02 of 1st period - Deflect By Carter Verhaeghe.
2:02 of 1st period - Shot Misses the Net.
2:02 of 1st period - Puck is out of play.
2:03 of 1st period - Mika Zibanejad wins face-off versus Sean Monahan in Vegas Golden Knights zone.
2:18 of 1st period - Slapshot by Carter Verhaeghe.
2:18 of 1st period - Stopped by Cayden Primeau with a rebound.
2:20 of 1st period - Snap shot by Matthew Boldy.
2:20 of 1st period - Shot Misses the Net.
2:32 of 1st period - Snap shot by Carter Verhaeghe.
2:32 of 1st period - Shot Misses the Net.
2:34 of 1st period - Snap shot by Carter Verhaeghe.
2:34 of 1st period - Stopped by Cayden Primeau without a rebound.
2:35 of 1st period - Steven Stamkos wins face-off versus Sean Couturier in Vegas Golden Knights zone.
3:16 of 1st period - Minor Penalty to Ryan Graves for Tripping.
3:17 of 1st period - Jordan Staal wins face-off versus Steven Stamkos in Vegas Golden Knights zone.
4:08 of 1st period - John Marino is hit by Steven Stamkos and loses puck.
4:25 of 1st period - Cole Smith is hit by MacKenzie Weegar and loses puck.
5:16 of 1st period - Penalty to Ryan Graves is over, Ryan Graves is back on ice.
5:29 of 1st period - Slapshot by Roman Josi.
5:29 of 1st period - Deflect By Reilly Smith.
5:29 of 1st period - Stopped by Calvin Pickard with a rebound.
5:54 of 1st period - Snap shot by Kevin Stenlund.
5:54 of 1st period - Stopped by Cayden Primeau without a rebound.
5:55 of 1st period - Auston Matthews wins face-off versus Kevin Stenlund in Vegas Golden Knights zone.
6:32 of 1st period - Wrist shot by Matt Nieto.
6:32 of 1st period - Stopped by Calvin Pickard without a rebound.
6:33 of 1st period - Sean Couturier wins face-off versus Mika Zibanejad in Detroit Red Wings zone.
6:59 of 1st period - Sean Monahan is hit by Jared McCann and loses puck.
7:10 of 1st period - Snap shot by Steven Stamkos.
7:10 of 1st period - Stopped by Cayden Primeau with a rebound.
8:44 of 1st period - Slapshot by Tyler Johnson.
8:44 of 1st period - Shot Misses the Net.
9:24 of 1st period - Kevin Stenlund is hit by Sean Monahan and loses puck.
9:47 of 1st period - Slapshot by Mika Zibanejad.
9:47 of 1st period - Deflect By Matthew Boldy.
9:47 of 1st period - Shot Blocked by Matt Nieto.
9:47 of 1st period - Puck is out of play.
9:48 of 1st period - Sean Couturier wins face-off versus Steven Stamkos in Vegas Golden Knights zone.
10:15 of 1st period - Steven Stamkos is hit by Ryan Graves and loses puck.
10:30 of 1st period - Backhand shot by Steven Stamkos.
10:30 of 1st period - Shot Misses the Net.
10:45 of 1st period - Slapshot by Matt Nieto.
10:45 of 1st period - Stopped by Calvin Pickard without a rebound.
10:46 of 1st period - Sean Monahan wins face-off versus Mika Zibanejad in Detroit Red Wings zone.
10:51 of 1st period - Wrist shot by Tyler Toffoli.
10:51 of 1st period - Stopped by Calvin Pickard with a rebound.
10:59 of 1st period - Slapshot by Mika Zibanejad.
10:59 of 1st period - Shot Misses the Net.
11:01 of 1st period - Slapshot by Jeff Petry.
11:01 of 1st period - Shot Misses the Net.
11:03 of 1st period - Backhand shot by Jeff Petry.
11:03 of 1st period - Deflect By Mika Zibanejad.
11:03 of 1st period - Stopped by Cayden Primeau with a rebound.
11:20 of 1st period - Wrist shot by Jordan Staal.
11:20 of 1st period - Shot Misses the Net.
12:16 of 1st period - Slapshot by Tyler Johnson.
12:16 of 1st period - Shot Misses the Net.
12:18 of 1st period - Slapshot by Tyler Johnson.
12:18 of 1st period - Stopped by Cayden Primeau with a rebound.
12:20 of 1st period - Snap shot by Christian Fischer.
12:20 of 1st period - Stopped by Cayden Primeau with a rebound.
14:33 of 1st period - Wrist shot by Roman Josi.
14:33 of 1st period - Deflect By Sean Couturier.
14:33 of 1st period - Shot Blocked by Zach Bogosian.
14:33 of 1st period - Puck is out of play.
14:34 of 1st period - Mika Zibanejad wins face-off versus Sean Couturier in Detroit Red Wings zone.
14:43 of 1st period - Wrist shot by Matthew Boldy.
14:43 of 1st period - Stopped by Cayden Primeau without a rebound.
14:44 of 1st period - Sean Monahan wins face-off versus Mika Zibanejad in Vegas Golden Knights zone.
16:28 of 1st period - Snap shot by Matt Nieto.
16:28 of 1st period - Stopped by Calvin Pickard without a rebound.
16:29 of 1st period - Matthew Boldy wins face-off versus Sean Couturier in Detroit Red Wings zone.
16:55 of 1st period - Marc-Edouard Vlasic is hit by MacKenzie Weegar and loses puck.
17:18 of 1st period - Snap shot by Sean Monahan.
17:18 of 1st period - Shot Misses the Net.
17:20 of 1st period - Wrist shot by Tyler Toffoli.
17:20 of 1st period - Stopped by Calvin Pickard with a rebound.
17:34 of 1st period - Slapshot by Roman Josi.
17:34 of 1st period - Shot Blocked by Zachary Werenski.
18:20 of 1st period - Slapshot by Reilly Smith.
18:20 of 1st period - Stopped by Calvin Pickard with a rebound.
18:22 of 1st period - Snap shot by Bryan Rust.
18:22 of 1st period - Shot Misses the Net.
18:40 of 1st period - Wrist shot by Daniel Sprong.
18:40 of 1st period - Stopped by Cayden Primeau with a rebound.
18:42 of 1st period - Slapshot by Christian Fischer.
18:42 of 1st period - Shot Misses the Net.
19:14 of 1st period - John Marino is hit by Mika Zibanejad and loses puck.
19:21 of 1st period - Backhand shot by Matthew Boldy.
19:21 of 1st period - Shot Misses the Net.
19:23 of 1st period - Wrist shot by Mika Zibanejad.
19:23 of 1st period - Deflect By Matthew Boldy.
19:23 of 1st period - Stopped by Cayden Primeau with a rebound.
19:31 of 1st period - Snap shot by Bryan Rust.
19:31 of 1st period - Shot Misses the Net.
Goals for this period are 1 for Vegas Golden Knights vs 0 for Detroit Red Wings.
Shots for this period are 10 for Vegas Golden Knights vs 10 for Detroit Red Wings.
2nd period
0:01 of 2nd period - Sean Monahan wins face-off versus Mika Zibanejad in neutral zone.
0:16 of 2nd period - Slapshot by Tyler Toffoli.
0:16 of 2nd period - Stopped by Calvin Pickard without a rebound.
0:17 of 2nd period - Sean Couturier wins face-off versus Steven Stamkos in Detroit Red Wings zone.
0:24 of 2nd period - Snap shot by Sean Couturier.
0:24 of 2nd period - Stopped by Calvin Pickard without a rebound.
0:25 of 2nd period - Steven Stamkos wins face-off versus Sean Couturier in Detroit Red Wings zone.
1:12 of 2nd period - Snap shot by Roman Josi.
1:12 of 2nd period - Shot Blocked by Steven Stamkos.
1:14 of 2nd period - Wrist shot by Sean Couturier.
1:14 of 2nd period - Shot Misses the Net.
1:16 of 2nd period - Slapshot by Sean Couturier.
1:16 of 2nd period - Shot Blocked by MacKenzie Weegar.
1:18 of 2nd period - Slapshot by Shea Theodore.
1:18 of 2nd period - Stopped by Calvin Pickard with a rebound.
1:20 of 2nd period - Slapshot by Shea Theodore.
1:20 of 2nd period - Deflect By Steven Stamkos.
1:20 of 2nd period - Stopped by Calvin Pickard with a rebound.
1:22 of 2nd period - Wrist shot by Denis Gurianov.
1:22 of 2nd period - Shot Misses the Net.
1:24 of 2nd period - Snap shot by Denis Gurianov.
1:24 of 2nd period - Goal by Denis Gurianov - Vegas Golden Knights : 2 - Detroit Red Wings : 0.
1:25 of 2nd period - Sean Monahan wins face-off versus Carter Verhaeghe in neutral zone.
1:34 of 2nd period - Off-side.
1:35 of 2nd period - Sean Monahan wins face-off versus Mika Zibanejad in neutral zone.
1:38 of 2nd period - Carter Verhaeghe is hit by Ryan Graves and loses puck.
1:45 of 2nd period - Wrist shot by Matthew Boldy.
1:45 of 2nd period - Stopped by Cayden Primeau with a rebound.
1:47 of 2nd period - Slapshot by Shayne Gostisbehere.
1:47 of 2nd period - Shot Misses the Net.
1:49 of 2nd period - Wrist shot by Shayne Gostisbehere.
1:49 of 2nd period - Stopped by Cayden Primeau without a rebound.
1:50 of 2nd period - Steven Stamkos wins face-off versus Auston Matthews in Vegas Golden Knights zone.
2:05 of 2nd period - Wrist shot by Patrick Kane.
2:05 of 2nd period - Deflect By Auston Matthews.
2:05 of 2nd period - Stopped by Cayden Primeau with a rebound.
2:07 of 2nd period - Wrist shot by Steven Stamkos.
2:07 of 2nd period - Shot Blocked by Reilly Smith.
2:28 of 2nd period - Snap shot by Carter Verhaeghe.
2:28 of 2nd period - Stopped by Cayden Primeau without a rebound.
2:29 of 2nd period - Sean Couturier wins face-off versus Steven Stamkos in Vegas Golden Knights zone.
2:48 of 2nd period - Shayne Gostisbehere is hit by John Marino and loses puck.
3:01 of 2nd period - Snap shot by Mika Zibanejad.
3:01 of 2nd period - Shot Blocked by John Marino.
3:03 of 2nd period - Wrist shot by Mika Zibanejad.
3:03 of 2nd period - Stopped by Cayden Primeau without a rebound.
3:04 of 2nd period - Mika Zibanejad wins face-off versus Sean Monahan in Vegas Golden Knights zone.
3:07 of 2nd period - Wrist shot by Matthew Boldy.
3:07 of 2nd period - Shot Misses the Net.
3:09 of 2nd period - Snap shot by Matthew Boldy.
3:09 of 2nd period - Shot Misses the Net.
3:17 of 2nd period - Snap shot by Matthew Boldy.
3:17 of 2nd period - Shot Misses the Net.
3:37 of 2nd period - Snap shot by Roman Josi.
3:37 of 2nd period - Stopped by Calvin Pickard without a rebound.
3:38 of 2nd period - Tyler Johnson wins face-off versus Sean Couturier in Detroit Red Wings zone.
3:38 of 2nd period - Tyler Johnson is hit by Denis Gurianov.
3:54 of 2nd period - Snap shot by Denis Gurianov.
3:54 of 2nd period - Stopped by Calvin Pickard with a rebound.
3:56 of 2nd period - Slapshot by Jordan Staal.
3:56 of 2nd period - Shot Blocked by Jackson LaCombe.
3:58 of 2nd period - Snap shot by Sean Couturier.
3:58 of 2nd period - Shot Misses the Net.
4:00 of 2nd period - Slapshot by Ryan Graves.
4:00 of 2nd period - Stopped by Calvin Pickard with a rebound.
4:02 of 2nd period - Snap shot by Denis Gurianov.
4:02 of 2nd period - Stopped by Calvin Pickard without a rebound.
4:03 of 2nd period - Bryan Rust wins face-off versus Mika Zibanejad in Detroit Red Wings zone.
4:18 of 2nd period - Snap shot by Bryan Rust.
4:18 of 2nd period - Goal by Bryan Rust - Vegas Golden Knights : 3 - Detroit Red Wings : 0.
4:19 of 2nd period - Sean Monahan wins face-off versus Patrick Kane in neutral zone.
4:23 of 2nd period - Minor Penalty to MacKenzie Weegar for Holding.
4:24 of 2nd period - Kevin Stenlund wins face-off versus Sean Monahan in Detroit Red Wings zone.
4:38 of 2nd period - Wrist shot by Sean Monahan.
4:38 of 2nd period - Goal by Sean Monahan - Vegas Golden Knights : 4 - Detroit Red Wings : 0.
4:39 of 2nd period - Auston Matthews wins face-off versus Mika Zibanejad in neutral zone.
4:44 of 2nd period - Snap shot by Reilly Smith.
4:44 of 2nd period - Deflect By Matthew Boldy.
4:44 of 2nd period - Stopped by Calvin Pickard without a rebound.
4:45 of 2nd period - Mika Zibanejad wins face-off versus Auston Matthews in Detroit Red Wings zone.
4:58 of 2nd period - Snap shot by Carter Verhaeghe.
4:58 of 2nd period - Shot Blocked by Reilly Smith.
5:18 of 2nd period - Johnny Gaudreau is hit by Steven Stamkos and loses puck.
5:44 of 2nd period - Snap shot by Sean Couturier.
5:44 of 2nd period - Stopped by Calvin Pickard with a rebound.
6:01 of 2nd period - Off-side.
6:02 of 2nd period - Pierre-edouard Bellemare wins face-off versus Kevin Stenlund in neutral zone.
6:19 of 2nd period - Slapshot by Keegan Kolesar.
6:19 of 2nd period - Deflect By Pierre-edouard Bellemare.
6:19 of 2nd period - Stopped by Cayden Primeau with a rebound.
6:21 of 2nd period - Slapshot by Jackson LaCombe.
6:21 of 2nd period - Shot Blocked by Pierre-edouard Bellemare.
6:23 of 2nd period - Snap shot by Kevin Stenlund.
6:23 of 2nd period - Shot Misses the Net.
6:25 of 2nd period - Snap shot by Keegan Kolesar.
6:25 of 2nd period - Deflect By Kevin Stenlund.
6:25 of 2nd period - Shot Blocked by Marc-Edouard Vlasic.
6:25 of 2nd period - Puck is out of play.
6:26 of 2nd period - Mika Zibanejad wins face-off versus Sean Monahan in Vegas Golden Knights zone.
6:33 of 2nd period - Snap shot by Matthew Boldy.
6:33 of 2nd period - Stopped by Cayden Primeau without a rebound.
6:34 of 2nd period - Mika Zibanejad wins face-off versus Sean Monahan in Vegas Golden Knights zone.
6:49 of 2nd period - Snap shot by Tyler Toffoli.
6:49 of 2nd period - Stopped by Calvin Pickard without a rebound.
6:50 of 2nd period - Auston Matthews wins face-off versus Steven Stamkos in Detroit Red Wings zone.
7:17 of 2nd period - Zachary Werenski is hit by Sean Monahan and loses puck.
8:11 of 2nd period - Keegan Kolesar is hit by Cole Smith and loses puck.
9:09 of 2nd period - Slapshot by Daniel Sprong.
9:09 of 2nd period - Stopped by Cayden Primeau with a rebound.
9:15 of 2nd period - Zach Bogosian is hit by Sean Couturier and loses puck.
9:28 of 2nd period - Snap shot by Shea Theodore.
9:28 of 2nd period - Deflect By Cole Smith.
9:28 of 2nd period - Shot Misses the Net.
9:28 of 2nd period - Puck is out of play.
9:29 of 2nd period - Pierre-edouard Bellemare wins face-off versus Kevin Stenlund in Detroit Red Wings zone.
9:32 of 2nd period - Slapshot by Roman Josi.
9:32 of 2nd period - Deflect By Matt Nieto.
9:32 of 2nd period - Stopped by Calvin Pickard without a rebound.
9:33 of 2nd period - Steven Stamkos wins face-off versus Auston Matthews in Detroit Red Wings zone.
9:33 of 2nd period - Steven Stamkos is hit by Auston Matthews.
9:45 of 2nd period - Snap shot by Patrick Kane.
9:45 of 2nd period - Shot Misses the Net.
9:47 of 2nd period - Slapshot by Zachary Werenski.
9:47 of 2nd period - Shot Blocked by Reilly Smith.
9:49 of 2nd period - Wrist shot by Patrick Kane.
9:49 of 2nd period - Deflect By Jared McCann.
9:49 of 2nd period - Shot Blocked by Shea Theodore.
9:49 of 2nd period - Puck is out of play.
9:50 of 2nd period - Mika Zibanejad wins face-off versus Sean Monahan in Vegas Golden Knights zone.
9:53 of 2nd period - Slapshot by Mika Zibanejad.
9:53 of 2nd period - Shot Misses the Net.
9:57 of 2nd period - Snap shot by Mika Zibanejad.
9:57 of 2nd period - Shot Misses the Net.
9:59 of 2nd period - Snap shot by Matthew Boldy.
9:59 of 2nd period - Stopped by Cayden Primeau without a rebound.
10:00 of 2nd period - Sean Monahan wins face-off versus Mika Zibanejad in Vegas Golden Knights zone.
10:20 of 2nd period - Wrist shot by Matthew Boldy.
10:20 of 2nd period - Stopped by Cayden Primeau with a rebound.
10:22 of 2nd period - Backhand shot by Carter Verhaeghe.
10:22 of 2nd period - Shot Blocked by Shea Theodore.
10:24 of 2nd period - Wrist shot by Carter Verhaeghe.
10:24 of 2nd period - Stopped by Cayden Primeau without a rebound.
10:25 of 2nd period - Steven Stamkos wins face-off versus Auston Matthews in Vegas Golden Knights zone.
10:26 of 2nd period - Slapshot by Patrick Kane.
10:26 of 2nd period - Stopped by Cayden Primeau with a rebound.
10:38 of 2nd period - Snap shot by Jared McCann.
10:38 of 2nd period - Shot Blocked by John Marino.
10:40 of 2nd period - Snap shot by Steven Stamkos.
10:40 of 2nd period - Stopped by Cayden Primeau without a rebound.
10:41 of 2nd period - Sean Monahan wins face-off versus Mika Zibanejad in Vegas Golden Knights zone.
11:32 of 2nd period - Backhand shot by Shea Theodore.
11:32 of 2nd period - Stopped by Calvin Pickard with a rebound.
11:38 of 2nd period - Snap shot by Tyler Johnson.
11:38 of 2nd period - Stopped by Cayden Primeau with a rebound.
12:16 of 2nd period - Snap shot by Johnny Gaudreau.
12:16 of 2nd period - Stopped by Calvin Pickard with a rebound.
13:09 of 2nd period - Wrist shot by Cole Smith.
13:09 of 2nd period - Stopped by Calvin Pickard with a rebound.
13:11 of 2nd period - Slapshot by Marc-Edouard Vlasic.
13:11 of 2nd period - Shot Misses the Net.
13:30 of 2nd period - Thomas Chabot is hit by MacKenzie Weegar and loses puck.
13:43 of 2nd period - Backhand shot by Mika Zibanejad.
13:43 of 2nd period - Stopped by Cayden Primeau without a rebound.
13:44 of 2nd period - Auston Matthews wins face-off versus Mika Zibanejad in Vegas Golden Knights zone.
14:16 of 2nd period - Wrist shot by Mika Zibanejad.
14:16 of 2nd period - Goal by Mika Zibanejad - Vegas Golden Knights : 4 - Detroit Red Wings : 1.
14:17 of 2nd period - Steven Stamkos wins face-off versus Sean Monahan in neutral zone.
14:35 of 2nd period - Minor Penalty to Zachary Werenski for Holding.
14:36 of 2nd period - Auston Matthews wins face-off versus Kevin Stenlund in Detroit Red Wings zone.
14:44 of 2nd period - Wrist shot by Reilly Smith.
14:44 of 2nd period - Stopped by Calvin Pickard without a rebound.
14:45 of 2nd period - Auston Matthews wins face-off versus Kevin Stenlund in Detroit Red Wings zone.
14:52 of 2nd period - Snap shot by Auston Matthews.
14:52 of 2nd period - Shot Misses the Net.
15:02 of 2nd period - Sean Couturier is hit by Christian Fischer and loses puck.
15:44 of 2nd period - Wrist shot by Auston Matthews.
15:44 of 2nd period - Stopped by Calvin Pickard with a rebound.
15:46 of 2nd period - Wrist shot by Auston Matthews.
15:46 of 2nd period - Stopped by Calvin Pickard with a rebound.
15:48 of 2nd period - Wrist shot by Shea Theodore.
15:48 of 2nd period - Shot Misses the Net.
16:08 of 2nd period - Wrist shot by Auston Matthews.
16:08 of 2nd period - Stopped by Calvin Pickard with a rebound.
16:10 of 2nd period - Wrist shot by Auston Matthews.
16:10 of 2nd period - Shot Blocked by Zach Bogosian.
16:12 of 2nd period - Slapshot by Sean Couturier.
16:12 of 2nd period - Goal by Sean Couturier - Vegas Golden Knights : 5 - Detroit Red Wings : 1.
16:13 of 2nd period - Sean Monahan wins face-off versus Steven Stamkos in neutral zone.
16:40 of 2nd period - MacKenzie Weegar is hit by Cole Smith and loses puck.
17:23 of 2nd period - Snap shot by Daniel Sprong.
17:23 of 2nd period - Stopped by Cayden Primeau without a rebound.
17:24 of 2nd period - Tyler Johnson wins face-off versus Sean Monahan in Vegas Golden Knights zone.
17:25 of 2nd period - Wrist shot by Daniel Sprong.
17:25 of 2nd period - Stopped by Cayden Primeau with a rebound.
17:27 of 2nd period - Wrist shot by Christian Fischer.
17:27 of 2nd period - Shot Misses the Net.
17:53 of 2nd period - Slapshot by Roman Josi.
17:53 of 2nd period - Deflect By Steven Stamkos.
17:53 of 2nd period - Stopped by Calvin Pickard without a rebound.
17:54 of 2nd period - Steven Stamkos wins face-off versus Pierre-edouard Bellemare in Detroit Red Wings zone.
18:25 of 2nd period - Snap shot by Auston Matthews.
18:25 of 2nd period - Stopped by Calvin Pickard with a rebound.
18:49 of 2nd period - Wrist shot by Tyler Johnson.
18:49 of 2nd period - Shot Misses the Net.
19:13 of 2nd period - Snap shot by Brendan Gallagher.
19:13 of 2nd period - Shot Misses the Net.
19:15 of 2nd period - Wrist shot by Zachary Werenski.
19:15 of 2nd period - Stopped by Cayden Primeau without a rebound.
19:16 of 2nd period - Steven Stamkos wins face-off versus Auston Matthews in Vegas Golden Knights zone.
19:30 of 2nd period - Icing by Marc-Edouard Vlasic.
19:31 of 2nd period - Auston Matthews wins face-off versus Mika Zibanejad in Vegas Golden Knights zone.
19:50 of 2nd period - Snap shot by Bryan Rust.
19:50 of 2nd period - Stopped by Calvin Pickard without a rebound.
19:51 of 2nd period - Sean Couturier wins face-off versus Steven Stamkos in Detroit Red Wings zone.
Goals for this period are 4 for Vegas Golden Knights vs 1 for Detroit Red Wings.
Shots for this period are 26 for Vegas Golden Knights vs 19 for Detroit Red Wings.
3rd period
0:01 of 3rd period - Auston Matthews wins face-off versus Steven Stamkos in neutral zone.
0:46 of 3rd period - Slapshot by MacKenzie Weegar.
0:46 of 3rd period - Stopped by Cayden Primeau with a rebound.
1:57 of 3rd period - Double Minor Penalty to Ryan Graves for Roughing.
1:58 of 3rd period - Pierre-edouard Bellemare wins face-off versus Mika Zibanejad in Vegas Golden Knights zone.
3:24 of 3rd period - Icing by Jared McCann.
3:25 of 3rd period - Steven Stamkos wins face-off versus Pierre-edouard Bellemare in Detroit Red Wings zone.
4:40 of 3rd period - Thomas Chabot is hit by Brendan Gallagher.
5:35 of 3rd period - Roman Josi is hit by Mika Zibanejad and loses puck.
5:50 of 3rd period - Wrist shot by Daniel Sprong.
5:50 of 3rd period - Goal by Daniel Sprong - Vegas Golden Knights : 5 - Detroit Red Wings : 2.
5:51 of 3rd period - Tyler Johnson wins face-off versus Auston Matthews in neutral zone.
5:56 of 3rd period - Bryan Rust is hit by Christian Fischer and loses puck.
6:05 of 3rd period - MacKenzie Weegar is hit by Auston Matthews.
6:17 of 3rd period - Tyler Toffoli is hit by Matthew Boldy and loses puck.
6:41 of 3rd period - Sean Couturier is hit by Jeff Petry and loses puck.
7:08 of 3rd period - Slapshot by Roman Josi.
7:08 of 3rd period - Shot Misses the Net.
7:28 of 3rd period - Snap shot by Tyler Johnson.
7:28 of 3rd period - Stopped by Cayden Primeau with a rebound.
7:30 of 3rd period - Snap shot by Christian Fischer.
7:30 of 3rd period - Shot Misses the Net.
7:32 of 3rd period - Wrist shot by Christian Fischer.
7:32 of 3rd period - Shot Misses the Net.
7:34 of 3rd period - Slapshot by Zachary Werenski.
7:34 of 3rd period - Shot Misses the Net.
8:39 of 3rd period - Slapshot by Bryan Rust.
8:39 of 3rd period - Stopped by Calvin Pickard with a rebound.
8:41 of 3rd period - Slapshot by Ryan Graves.
8:41 of 3rd period - Goal by Ryan Graves - Vegas Golden Knights : 6 - Detroit Red Wings : 2.
8:42 of 3rd period - Sean Monahan wins face-off versus Mika Zibanejad in neutral zone.
8:49 of 3rd period - Wrist shot by Johnny Gaudreau.
8:49 of 3rd period - Shot Misses the Net.
8:51 of 3rd period - Slapshot by Shea Theodore.
8:51 of 3rd period - Stopped by Calvin Pickard without a rebound.
8:52 of 3rd period - Sean Monahan wins face-off versus Mika Zibanejad in Detroit Red Wings zone.
9:15 of 3rd period - Wrist shot by Johnny Gaudreau.
9:15 of 3rd period - Deflect By Tyler Toffoli.
9:15 of 3rd period - Shot Misses the Net.
9:15 of 3rd period - Puck is out of play.
9:16 of 3rd period - Sean Couturier wins face-off versus Steven Stamkos in Detroit Red Wings zone.
9:16 of 3rd period - Sean Couturier is hit by Jeff Petry.
10:07 of 3rd period - Carter Verhaeghe is hit by Johnny Gaudreau and loses puck.
10:39 of 3rd period - Slapshot by Marc-Edouard Vlasic.
10:39 of 3rd period - Stopped by Calvin Pickard without a rebound.
10:40 of 3rd period - Sean Couturier wins face-off versus Steven Stamkos in Detroit Red Wings zone.
11:36 of 3rd period - Off-side.
11:37 of 3rd period - Steven Stamkos wins face-off versus Sean Couturier in neutral zone.
11:46 of 3rd period - Slapshot by Patrick Kane.
11:46 of 3rd period - Shot Misses the Net.
13:10 of 3rd period - Marc-Edouard Vlasic is hit by Jared McCann and loses puck.
14:03 of 3rd period - Slapshot by Mika Zibanejad.
14:03 of 3rd period - Deflect By Matthew Boldy.
14:03 of 3rd period - Shot Misses the Net.
14:03 of 3rd period - Puck is out of play.
14:04 of 3rd period - Steven Stamkos wins face-off versus Sean Monahan in Vegas Golden Knights zone.
14:07 of 3rd period - Slapshot by Patrick Kane.
14:07 of 3rd period - Stopped by Cayden Primeau without a rebound.
14:08 of 3rd period - Sean Monahan wins face-off versus Steven Stamkos in Vegas Golden Knights zone.
14:21 of 3rd period - Tyler Toffoli is hit by Zach Bogosian and loses puck.
15:00 of 3rd period - Shea Theodore is hit by Carter Verhaeghe and loses puck.
15:07 of 3rd period - Wrist shot by Carter Verhaeghe.
15:07 of 3rd period - Shot Blocked by Roman Josi.
16:05 of 3rd period - Wrist shot by Carter Verhaeghe.
16:05 of 3rd period - Stopped by Cayden Primeau with a rebound.
16:07 of 3rd period - Wrist shot by Carter Verhaeghe.
16:07 of 3rd period - Shot Misses the Net.
16:09 of 3rd period - Wrist shot by Matthew Boldy.
16:09 of 3rd period - Deflect By Auston Matthews.
16:09 of 3rd period - Shot Blocked by Ryan Graves.
16:09 of 3rd period - Puck is out of play.
16:10 of 3rd period - Sean Couturier wins face-off versus Mika Zibanejad in Vegas Golden Knights zone.
16:45 of 3rd period - Slapshot by Patrick Kane.
16:45 of 3rd period - Goal by Patrick Kane - Vegas Golden Knights : 6 - Detroit Red Wings : 3.
16:46 of 3rd period - Auston Matthews wins face-off versus Mika Zibanejad in neutral zone.
17:05 of 3rd period - Bryan Rust is hit by Matthew Boldy and loses puck.
17:53 of 3rd period - Icing by Christian Fischer.
17:54 of 3rd period - Auston Matthews wins face-off versus Tyler Johnson in Detroit Red Wings zone.
18:11 of 3rd period - Snap shot by Auston Matthews.
18:11 of 3rd period - Goal by Auston Matthews - Vegas Golden Knights : 7 - Detroit Red Wings : 3.
18:12 of 3rd period - Steven Stamkos wins face-off versus Sean Monahan in neutral zone.
18:53 of 3rd period - Slapshot by Mika Zibanejad.
18:53 of 3rd period - Goal by Mika Zibanejad - Vegas Golden Knights : 7 - Detroit Red Wings : 4.
18:54 of 3rd period - Mika Zibanejad wins face-off versus Johnny Gaudreau in neutral zone.
19:21 of 3rd period - Jackson LaCombe is hit by Bryan Rust and loses puck.
Goals for this period are 2 for Vegas Golden Knights vs 3 for Detroit Red Wings.
Shots for this period are 5 for Vegas Golden Knights vs 7 for Detroit Red Wings.
Back to the Top